 Dungeon Crawl Stone Soup version 0.21-a0-404-g291f19a (webtiles) character file.

98765 drevant the Impaler (level 15, -5/184 HPs)
             Began as a Demonspawn Abyssal Knight on Oct 30, 2017.
             Was the Champion of Lugonu.
             Slain by a slime creature (12 damage)
             ... on level 3 of the Swamp.
             The game lasted 01:15:00 (34389 turns).

drevant the Impaler (Demonspawn Abyssal Knight)    Turns: 34389, Time: 01:15:01

Health: -5/184     AC: 30    Str: 21    XL:     15   Next: 75%
Magic:  23/23      EV:  2    Int: 14    God:    Lugonu [******]
Gold:   1513       SH:  7    Dex: 18    Spells: 14/14 levels left

rFire    + + +     SeeInvis .   j - +5 trident of Wyrd {freeze, *Noise rF+ rC++}
rCold    + + .     Gourm    .   L - +0 buckler
rNeg     + + +     Faith    .   (armour currently unavailable)
rPois    +         Spirit   .   (helmet currently unavailable)
rElec    .         Reflect  .   (cloak currently unavailable)
rCorr    .         Harm     .   (gloves currently unavailable)
MR       ++...     NoTele   +   (boots currently unavailable)
Stlth    ++++......             t - amulet "Joodebb" {rF++ Regen+}
HPRegen  0.80/turn              k - +3 ring of protection
MPRegen  0.18/turn              i - +6 ring of dexterity

@: tree-form
A: foul stench 1, magic resistance 1, nightstalker 2, strong 1, rot immunity
a: Depart the Abyss, Bend Space, Banish, Corrupt, Enter the Abyss, Brand Weapon
With Distortion, Renounce Religion


You were on level 3 of the Swamp.
You worshipped Lugonu.
Lugonu was exalted by your worship.
You were hungry.
You were a tree.
You visited 4 branches of the dungeon, and saw 26 of its levels.
You visited the Abyss 3 times.
You also visited: Sewer.

You collected 2666 gold pieces.
You spent 1153 gold pieces at shops.

Inventory:

Hand Weapons
 d - a +1 hand axe of chopping
 h - a +2 trident of piercing
 j - the +5 trident of Wyrd (weapon) {freeze, *Noise rF+ rC++}
   (You acquired it on level 4 of the Lair of Beasts)

   It has been specially enchanted to freeze those struck by it, causing extra
   injury to most foes and up to half again as much damage against particularly
   susceptible opponents.
   It can also slow down cold-blooded creatures.
   It protects you from fire.
   It greatly protects you from cold.
   It may make noises in combat.
 Q - a +4 spear
Armour
 m - a +1 pair of boots (melded)
 F - a +0 helmet (melded)
 L - a +0 buckler (worn)
 N - a +0 plate armour (melded)
 Y - a +1 pair of gloves (melded)
Jewellery
 e - an uncursed ring of ice
 i - a +6 ring of dexterity (right branch)
 k - a +3 ring of protection (left branch)
 t - the amulet "Joodebb" (around neck) {rF++ Regen+}
   (You bought it in a shop on level 2 of the Orcish Mines)

   [amulet of regeneration]

   It greatly protects you from fire.
   It increases your rate of regeneration.
 V - an uncursed ring of fire
Wands
 a - a wand of digging (9/24)
 n - a wand of paralysis (5/24)
 T - a wand of disintegration (12/24)
 X - a wand of polymorph (13/24)
Scrolls
 b - a scroll of noise {unknown}
 g - 7 scrolls of amnesia
 s - 3 scrolls of magic mapping
 v - a scroll of brand weapon
 w - 11 scrolls of remove curse
 x - 8 scrolls of teleportation
 y - 9 scrolls of recharging
 z - 5 scrolls of blinking
 E - 3 scrolls of fear
 G - 4 scrolls of fog
 I - 6 scrolls of enchant weapon
 M - 4 scrolls of enchant armour
 P - 4 scrolls of identify
Potions
 l - a potion of cancellation {unknown}
 p - 8 potions of flight
 q - 10 potions of curing
 r - a potion of heal wounds
 u - 4 potions of magic
 A - a potion of berserk rage
 B - a potion of invisibility
 D - 2 potions of ambrosia
 K - a potion of resistance
 O - a potion of might
 U - 4 potions of brilliance
Books
 H - a book of Misfortune

   Spells                             Type                      Level
   a - Confusing Touch                Hexes                        1
   b - Confuse                        Hexes                        3
   c - Gell's Gravitas                Translocation                3
   d - Petrify                        Transmutation/Earth          4
   e - Metabolic Englaciation         Hexes/Ice                    5
   f - Yara's Violent Unravelling     Hexes/Transmutation          5
 Z - a Young Poisoner's Handbook

   Spells                             Type                      Level
   a - Sting                          Conjuration/Poison           1
   b - Poisonous Vapours              Poison/Air                   2
   c - Mephitic Cloud                 Conjuration/Poison/Air       3
   d - Olgreb's Toxic Radiance        Poison                       4
   e - Venom Bolt                     Conjuration/Poison           5
Comestibles
 c - 14 bread rations
 f - 15 royal jellies
 o - 12 meat rations
 S - 17 fruits


   Skills:
 + Level 13.1 Fighting
 - Level 4.1(10.9) Axes
 - Level 15.0(15.2) Polearms
 + Level 10.6 Armour
 - Level 7.3 Dodging
 - Level 9.5 Shields
 - Level 11.0 Invocations


You had 14 spell levels left.
You didn't know any spells.

Dungeon Overview and Level Annotations

Branches:
Dungeon (15/15)            Temple (0/1) D:4            Lair (6/6) D:11
  Swamp (3/4) Lair:4       Spider (0/4) Lair:3        Slime (0/5) Lair:5
    Orc (2/2) D:10            Elf (0/3) Orc:2        Vaults (0/5) D:13
 Depths (0/5) D:15

Altars:
Ashenzari
Fedhas
Kikubaaqudgha
Makhleb
Nemelex Xobeh
Okawaru
Ru
Sif Muna
Uskayaw
Vehumet
Yredelemnul
Zin
Jiyva

Shops:
D:12 (   Orc:2 %}=%[

Annotations:
D:14 Louise
Lair:4 exclusion: oklob plant
Lair:5 1 runed door


Innate Abilities, Weirdness & Mutations

((You are mostly covered in iridescent scales. (AC +4)))
You may emit foul miasma when damaged in melee.
You are significantly more attuned to the shadows.
You are immune to rotting.
((You can translocate small distances at will.))
You are resistant to hostile enchantments. (MR+)
((Your system is resistant to poisons. (rPois)))
Your muscles are strong. (Str +2)


Message History

The slime creature is moderately wounded.
The slime creature hits you but does no damage.
The slime creature hits you!
* * * LOW HITPOINT WARNING * * *
You puncture the slime creature! You freeze the slime creature.
The slime creature is heavily wounded.
You block the slime creature's attack.
You hit the slime creature. You freeze the slime creature.
The slime creature is severely wounded.
The slime creature hits you but does no damage. x2
The slime creature hits you.
* * * LOW HITPOINT WARNING * * *
You puncture the slime creature! You freeze the slime creature.
The slime creature is almost dead.
You barely miss the slime creature.
The slime creature is almost dead.
The slime creature hits you.
* * * LOW HITPOINT WARNING * * *
The slime creature hits you!
You die...

.§≈ ≈≈≈≈. ≈..
..≈≈. ♣♣♣♣ ≈§.§
♣.≈≈≈♣♣≈≈♣♣≈≈≈.
♣≈.≈♣♣≈J♣.....
♣..≈♣≈.J♣..≈..
♣≈.≈.≈≈≈J≈≈...
♣♣.≈.≈≈≈≈≈≈.♣.
♣≈.♣♣.≈...(♣
♣♣..≈.≈≈≈..≈≈
♣.<≈≈≈≈≈≈.≈.
♣.†≈≈≈≈≈≈.
♣..≈≈≈≈≈≈.
♣≈.≈≈≈≈≈≈.


You could see 3 slime creatures.

Vanquished Creatures
  A tentacled starspawn (Abyss:3)
  A dire elephant (Lair:6)
  Nessos (Lair:6)
  Josephine (D:13)
  Snorg (Lair:4)
  2 fire dragons
  A great orb of eyes (Abyss:3)
  8 hydras
  A centaur warrior (D:15)
  A catoblepas (D:14)
  4 vault guards (D:13)
  Erica (D:8)
  7 two-headed ogres
  2 alligators (Swamp:2)
  2 thrashing horrors (Abyss:3)
  4 orc high priests (Orc:2)
  3 death yaks (Lair:6)
  Sonja (D:11)
  A death drake (Abyss:4)
  The ghost of drevant the Schismatic, a novice DsAK of Lugonu (D:8)
  3 unseen horrors
  A shambling mangrove (Lair:4)
  2 lindwurms (Lair:6)
  An orc knight (D:15)
  Pikel (D:5)
  An orc sorcerer (Orc:2)
  A cyclops (D:13)
  A manticore (D:12)
  18 ugly things
  12 black mambas
  8 elephants (Lair:6)
  16 spiny frogs
  2 gargoyles
  A kobold demonologist (D:15)
  An efreet (D:13)
  4 rime drakes
  12 komodo dragons
  A hellwing (Abyss:3)
  3 meliai (D:13)
  2 polar bears (Lair:5)
  5 trolls
  5 hornets
  6 slime creatures
  4 bog bodies
  21 blink frogs
  3 tyrant leeches
  6 dream sheep
  A meliai zombie (D:12)
  A large abomination (Abyss:4)
  11 hippogriffs
  2 spriggans (Swamp:1)
  A ynoxinul (Abyss:2)
  9 wraiths
  32 yaks
  2 wyverns
  A human (D:13)
  4 basilisks
  A hog (D:13)
  A tarantella (shapeshifter) (D:14)
  4 vampire mosquitoes (Swamp:1)
  A steam dragon (Lair:5)
  A hungry ghost (D:7)
  9 swamp worms
  8 insubstantial wisps (Swamp:1)
  A soldier ant (shapeshifter) (D:13)
  2 acid dragons
  2 soldier ants
  5 swamp drakes
  11 water moccasins
  Purgy (D:3)
  12 porcupines
  20 orc warriors
  Duvessa (D:5)
  4 ice beasts
  9 sky beasts
  A black bear (D:11)
  2 slaves (D:4)
  A hornet zombie (D:14)
  4 phantoms
  6 wolves (Lair:4)
  A necrophage (D:11)
  10 ogres
  17 crocodiles
  14 centaurs
  2 big kobolds (D:9)
  Blork the orc (D:5)
  A wyvern zombie (D:14)
  A water moccasin zombie (D:12)
  17 bullfrogs
  6 scorpions
  A wyvern skeleton (D:7)
  Dowan (D:5)
  6 killer bees (D:8)
  8 wights
  8 howler monkeys
  3 electric eels
  7 crimson imps
  5 jellies
  A bullfrog zombie (D:5)
  8 hounds
  4 centaur zombies
  25 orc priests
  2 centaur skeletons
  Jessica (D:2)
  3 iguanas
  27 orc wizards
  8 worker ants
  A killer bee zombie (D:8)
  3 small abominations
  A hound skeleton (D:5)
  A howler monkey skeleton (D:7)
  A howler monkey zombie (D:8)
  13 adders
  3 gnolls (D:4)
  4 shadow imps
  2 oozes
  An adder skeleton (D:5)
  A worm (D:2)
  A dart slug (D:1)
  9 leopard geckos
  44 orcs
  5 giant cockroaches
  4 goblins
  4 hobgoblins
  20 jackals
  7 quokkas
  3 ball pythons
  6 bats
  16 frilled lizards
  A giant cockroach zombie (D:3)
  18 kobolds
  7 rats
  A butterfly (Lair:6)
721 creatures vanquished.

Vanquished Creatures (others)
  An adder (D:5)
  A frilled lizard (D:5)
  53 fungi
  29 plants
  2 starspawn tentacles (Abyss:3)
86 creatures vanquished.

Grand Total: 807 creatures vanquished

Notes
Turn   | Place    | Note
-------+----------+-------------------------------------------
     0 | Abyss:1  | drevant the Demonspawn Abyssal Knight began the quest for the Orb.
     0 | Abyss:1  | Reached XP level 1. HP: 18/18 MP: 2/2
    48 | Abyss:1  | Noticed an ancient zyme
    56 | Abyss:1  | Noticed a raiju
    66 | Abyss:1  | Noticed a starcursed mass
    69 | D:1      | Escaped the Abyss
   182 | D:1      | Reached skill level 1 in Dodging
   302 | D:1      | Gained mutation: You are immune to rotting. [demonic ancestry]
   302 | D:1      | Reached XP level 2. HP: 23/24 MP: 4/4
   402 | D:1      | Reached * piety under Lugonu
   891 | D:2      | Gained mutation: You are resistant to hostile enchantments. (MR+) [potion of mutation]
   891 | D:2      | Gained mutation: You can translocate small distances at will. [potion of mutation]
   891 | D:2      | Gained mutation: Your system is resistant to poisons. (rPois) [potion of mutation]
   891 | D:2      | Gained mutation: Your muscles are strong. (Str +2) [potion of mutation]
   900 | D:2      | Gained mutation: You are slightly more attuned to the shadows. [demonic ancestry]
   900 | D:2      | Reached XP level 3. HP: 16/29 MP: 5/5
  1218 | D:2      | Noticed Jessica
  1228 | D:2      | Killed Jessica
  1228 | D:2      | Reached XP level 4. HP: 34/35 MP: 6/6
  1420 | D:2      | Found a hide-covered altar of Uskayaw.
  1420 | D:2      | Found a blossoming altar of Fedhas.
  2744 | D:3      | Gained mutation: You are partially covered in iridescent scales. (AC +2) [demonic ancestry]
  2744 | D:3      | Reached XP level 5. HP: 34/41 MP: 7/7
  2774 | D:3      | Found a glowing drain.
  2778 | Sewer    | Entered a sewer
  2801 | Sewer    | Reached ** piety under Lugonu
  2872 | Sewer    | Noticed Purgy
  3467 | D:3      | Killed Purgy
  3467 | D:3      | Reached XP level 6. HP: 48/48 MP: 8/8
  3589 | D:3      | Found a transporter.
  3593 | D:3      | Found an iron altar of Okawaru.
  3593 | D:3      | Found a transporter.
  3798 | D:3      | Reached skill level 1 in Polearms
  4166 | D:4      | Gained mutation: You are significantly more attuned to the shadows. [demonic ancestry]
  4166 | D:4      | Reached XP level 7. HP: 37/55 MP: 9/9
  4276 | D:4      | Reached skill level 2 in Polearms
  4313 | D:4      | Found a staircase to the Ecumenical Temple.
  4433 | D:4      | Found a glowing silver altar of Zin.
  4476 | D:4      | Reached skill level 5 in Fighting
  4476 | D:4      | Reached skill level 3 in Polearms
  4871 | D:4      | Found a radiant altar of Vehumet.
  4872 | D:4      | Found a burning altar of Makhleb.
  4874 | D:4      | Reached *** piety under Lugonu
  4989 | D:5      | Entered Level 5 of the Dungeon
  4989 | D:5      | Noticed Pikel
  5021 | D:5      | Noticed Dowan
  5022 | D:5      | Noticed Duvessa
  5150 | D:4      | Reached XP level 8. HP: 40/62 MP: 10/10
  5289 | D:5      | Killed Dowan
  5289 | D:5      | Reached skill level 4 in Polearms
  5354 | D:5      | Killed Duvessa
  5393 | D:5      | Found a deep blue altar of Sif Muna.
  5589 | D:5      | Killed Pikel
  5589 | D:5      | Reached skill level 5 in Polearms
  5589 | D:5      | Reached skill level 5 in Armour
  6156 | D:5      | Noticed Blork the orc
  6160 | D:5      | Killed Blork the orc
  6160 | D:5      | Reached skill level 6 in Polearms
  6255 | D:5      | Found a basalt altar of Yredelemnul.
  6351 | D:5      | Gained mutation: You may emit foul miasma when damaged in melee. [demonic ancestry]
  6351 | D:5      | Reached XP level 9. HP: 71/71 MP: 11/11
  6961 | D:6      | Reached skill level 7 in Polearms
  7387 | D:6      | Found a sacrificial altar of Ru.
  8025 | D:7      | Reached **** piety under Lugonu
  8088 | D:7      | Reached skill level 8 in Polearms
  8381 | D:7      | Reached XP level 10. HP: 62/80 MP: 12/12
  9070 | D:8      | Noticed Erica
  9164 | D:8      | Found a shattered altar of Ashenzari.
  9165 | D:8      | Noticed drevant's ghost (novice DsAK)
  9196 | D:7      | Reached skill level 1 in Shields
  9646 | D:8      | Killed drevant's ghost
  9646 | D:8      | Reached skill level 9 in Polearms
  9999 | D:8      | Noticed a two-headed ogre
 10119 | D:8      | Killed a two-headed ogre
 10453 | D:8      | Killed Erica
 10453 | D:8      | Reached skill level 10 in Polearms
 10548 | D:8      | Noticed a two-headed ogre
 10670 | D:8      | Killed a two-headed ogre
 10670 | D:8      | Reached ***** piety under Lugonu
 10670 | D:8      | Gained mutation: You are mostly covered in iridescent scales. (AC +4) [demonic ancestry]
 10670 | D:8      | Reached XP level 11. HP: 46/89 MP: 13/13
 11424 | D:9      | Noticed a two-headed ogre
 11705 | D:9      | Found a sparkling altar of Nemelex Xobeh.
 12039 | D:9      | Killed a two-headed ogre
 12310 | D:10     | Entered Level 10 of the Dungeon
 12426 | D:10     | Noticed a two-headed ogre
 12437 | D:10     | Killed a two-headed ogre
 12855 | D:10     | Killed an unseen horror
 12855 | D:10     | Reached skill level 11 in Polearms
 12855 | D:10     | Reached skill level 5 in Shields
 12970 | D:10     | Noticed a two-headed ogre
 12980 | D:10     | Killed a two-headed ogre
 13245 | D:10     | Found a staircase to the Orcish Mines.
 13756 | D:11     | Found a staircase to the Lair.
 13758 | D:11     | Reached skill level 10 in Fighting
 14253 | D:11     | Noticed Sonja
 14272 | D:11     | Killed Sonja
 14450 | D:11     | Noticed a purple ugly thing
 14503 | Lair:1   | Entered Level 1 of the Lair of Beasts
 14669 | Lair:1   | Reached XP level 12. HP: 39/97 MP: 14/14
 15146 | Lair:1   | Reached skill level 12 in Polearms
 17174 | Lair:3   | Found a hole to the Spider Nest.
 17888 | Lair:3   | Reached skill level 13 in Polearms
 18335 | Lair:4   | Noticed a four-headed hydra
 18343 | Lair:4   | Killed a four-headed hydra
 18424 | Lair:4   | Reached ****** piety under Lugonu
 18431 | Lair:4   | Noticed a four-headed hydra
 18445 | Lair:4   | Killed a four-headed hydra
 19069 | Lair:4   | Identified a scroll of acquirement
 19072 | Lair:4   | Got a slimy trident
 19073 | Lair:4   | Identified the +5 trident of Wyrd {freeze, *Noise rF+ rC++} (You acquired it on level 4 of the Lair of Beasts)
 19142 | Lair:4   | Reached XP level 13. HP: 105/106 MP: 15/15
 19161 | Lair:4   | Found a staircase to the Swamp.
 19190 | Lair:4   | Noticed Snorg
 19217 | Lair:4   | Killed Snorg
 20185 | Lair:4   | Found a deep blue altar of Sif Muna.
 20984 | Lair:5   | Found a runed door.
 20985 | Lair:5   | Found a viscous altar of Jiyva.
 20987 | Lair:5   | Noticed an acid blob
 20988 | Lair:5   | Found a staircase to the Slime Pits.
 21524 | Lair:6   | Entered Level 6 of the Lair of Beasts
 21542 | Lair:6   | Noticed Nessos
 21943 | Lair:6   | Killed Nessos
 21943 | Lair:6   | Reached skill level 14 in Polearms
 24228 | Lair:6   | Reached XP level 14. HP: 116/116 MP: 16/16
 24453 | Lair:6   | Reached skill level 15 in Polearms
 25722 | Orc:1    | Entered Level 1 of the Orcish Mines
 26005 | Orc:2    | Entered Level 2 of the Orcish Mines
 26005 | Orc:2    | Found Wagir's Food Emporium.
 26228 | Orc:2    | Found a staircase to the Elven Halls.
 26359 | Orc:2    | Reached skill level 5 in Invocations
 27315 | Orc:2    | Found Deot's Food Boutique.
 27316 | Orc:2    | Found Foifet's Gadget Shop.
 27317 | Orc:2    | Found Juavuq's Jewellery Shop.
 27318 | Orc:2    | Found Kysyw's Antique Armour Boutique.
 27333 | Orc:2    | Bought a pair of embroidered boots for 195 gold pieces
 27333 | Orc:2    | Bought a pair of embroidered gloves for 195 gold pieces
 27351 | Orc:2    | Bought the amulet "Joodebb" {rF++ Regen+} for 763 gold pieces
 27723 | D:12     | Found Focyzo's Weapon Shop.
 28829 | D:13     | Found a gate to the Vaults.
 28944 | D:13     | Identified Sif Muna's Almanac of Transmutation
 28984 | D:13     | Reached skill level 10 in Armour
 28996 | D:13     | Noticed Josephine
 29011 | D:13     | Killed Josephine
 29554 | D:13     | Got a fine large shield
 29555 | D:13     | Identified the +0 large shield of Purpose {rN+ rCorr Int+3} (You found it on level 13 of the Dungeon)
 29776 | D:14     | Reached XP level 15. HP: 109/122 MP: 21/21
 29809 | D:14     | Noticed Louise
 29816 | D:14     | Cast into level 3 of the Abyss (Louise)
 29824 | Abyss:3  | Paralysed by a great orb of eyes for 6 turns
 29962 | Abyss:3  | Noticed a tentacled starspawn
 29973 | Abyss:3  | Killed a tentacled starspawn
 30001 | Abyss:4  | Found a corrupted altar of Lugonu.
 30066 | D:14     | Escaped the Abyss
 30407 | D:14     | Cast into level 2 of the Abyss (Louise)
 30530 | D:14     | Escaped the Abyss
 30777 | D:14     | Reached skill level 5 in Dodging
 30931 | D:14     | Found an ancient bone altar of Kikubaaqudgha.
 31161 | D:14     | Reached skill level 10 in Invocations
 31300 | D:15     | Entered Level 15 of the Dungeon
 32228 | D:15     | Found a staircase to the Depths.
 32738 | Swamp:1  | Entered Level 1 of the Swamp
 34389 | Swamp:3  | HP: 7/184 [slime creature (5)]
 34389 | Swamp:3  | Slain by a slime creature

Vault maps used:
D:1:      lightli_iron_boxes, minmay_misc_feat_tower, minmay_misc_feat_room,
          minmay_liquid_box, minivault_14
D:2:      gammafunk_temple_overflow_wave, uniq_jessica
D:3:      gammafunk_temple_overflow_arena, gup_sewer_entry_bowl
D:4:      grunt_temple_overflow_lords_of_destruction, kennysheep_mini,
          minmay_temple_entry_junction
D:5:      lemuel_round_altar, lemuel_doored_altar, first_bread,
          grunt_ministairs_2, uniq_duvessa, uniq_pikel, uniq_blork_the_orc
D:6:      kennysheep_big_flooded_room, nicolae_ru_the_path_less_chosen
D:8:      cheibrodos_ashenzari_chains, uniq_erica
D:9:      nemelex_altar_shiori
D:10:     orc_0_dummy
D:11:     due_lair_maze_entry_diamond, uniq_sonja
D:12:     serial_shops, shop_fountains
D:13:     lightli_vaults_fourway_checkpoint, grunt_livestock, uniq_josephine
D:14:     minmay_misc_feat_pillars, basic_altar, uniq_louise
D:15:     grunt_enter_depths_hoard, serial_bayou_lagoon_a
Lair:1:   nicolae_volcano_entry_vermiform, infiniplex_staircase_pool,
          grunt_megastairs_2
Lair:3:   dummy_spider_entry
Lair:4:   swamp_mist_pool, lemuel_oklob_altar, grunt_megastairs_5, uniq_snorg
Lair:5:   slime_altar_2, guppyfry_lair_drakes
Lair:6:   hangedman_lair_in_review, serial_bayou_shore_b, lemuel_fruit_fields,
          uniq_nessos
Swamp:1:  evilmike_swamp_ruin_rubble_1, swamp_pool4
Swamp:2:  nicolae_swamp_very_dense_foliage
Swamp:3:  evilmike_swamp_ruin_house_6, cheibrodos_swamp_slimy
Orc:2:    st_orc_mages, serial_shops, nicolae_shop_crystal
Abyss:4:  hangedman_abyss_or_decor_passed, minivault_27
Sewer:    sewer_co_purgy_island

Skill      XL: |  1  2  3  4  5  6  7  8  9 10 11 12 13 14 15 |
---------------+----------------------------------------------+-----
Dodging        | 1 2 7 |  7.3
Axes           | 2 3 4 |  4.1
Armour         | 2 3 4 5 6 10 | 10.6
Invocations    | 3 8 11 | 11.0
Fighting       | 4 5 6 7 9 10 11 12 13 | 13.1
Polearms       | 1 3 6 8 10 11 13 14 15 | 15.0
Shields        | 3 5 7 9 |  9.5

Action                   |  1- 3 |  4- 6 |  7- 9 | 10-12 | 13-15 || total
-------------------------+-------+-------+-------+-------+-------++-------
Melee: Hand axe          |    72 |   151 |       |       |       ||   223
       Trident           |       |    83 |   429 |  1099 |  2068 ||  3679
Throw: Stone             |     2 |     6 |     3 |       |       ||    11
Invok: Depart the Abyss  |     1 |       |       |       |     2 ||     3
Evoke: Wand              |       |       |     1 |     5 |     8 ||    14
  Use: Potion            |     3 |     2 |     2 |     6 |     7 ||    20
       Scroll            |       |     7 |     1 |    18 |    16 ||    42
 Stab: Sleeping          |       |     3 |     1 |       |       ||     4
       Distracted        |       |       |     1 |       |     1 ||     2
       Fleeing           |       |       |       |     1 |       ||     1
  Eat: Chunk             |       |    11 |    13 |    30 |    41 ||    95
       Fruit             |       |       |       |     4 |     4 ||     8
       Meat ration       |       |       |       |     1 |       ||     1
       Bread ration      |       |       |       |       |     1 ||     1
Armor: Scale mail        |    27 |   152 |    30 |       |       ||   209
       Leather armour    |     5 |       |       |       |       ||     5
       Skin              |     9 |       |       |    61 |     6 ||    76
       Chain mail        |       |       |   189 |    87 |       ||   276
       Plate armour      |       |       |       |   376 |   745 ||  1121
Dodge: Dodged            |    33 |   173 |   164 |   214 |   303 ||   887
Block: Buckler           |       |       |       |   181 |   315 ||   496

Table legend:
 A = Spawn XP
 B = Non-spawn XP
 C = Spawn XP percentage of total XP
 D = Spawn monster count
 E = Non-spawn monster count
 F = Spawn count percentage of total count
 G = Total turns spent on level
                    A         B        C        D         E        F      G
               +---------+---------+-------+---------+---------+-------+---------
         Total |    5662 |  135431 |   4.0 |       8 |     710 |   1.1 | 34389
               +---------+---------+-------+---------+---------+-------+---------
           D:1 |       0 |      36 |   0.0 |       0 |      19 |   0.0 |   766
           D:2 |       0 |     165 |   0.0 |       0 |      26 |   0.0 |  1925
           D:3 |       0 |     447 |   0.0 |       0 |      27 |   0.0 |  1173
           D:4 |       0 |     936 |   0.0 |       0 |      36 |   0.0 |  1592
           D:5 |       0 |    1351 |   0.0 |       0 |      24 |   0.0 |  1016
           D:6 |       0 |    1519 |   0.0 |       0 |      26 |   0.0 |  1138
           D:7 |       0 |    2472 |   0.0 |       0 |      24 |   0.0 |  1917
           D:8 |       0 |    4853 |   0.0 |       0 |      29 |   0.0 |  1448
           D:9 |       0 |    2369 |   0.0 |       0 |      35 |   0.0 |  1144
          D:10 |       0 |    3706 |   0.0 |       0 |      18 |   0.0 |  1280
          D:11 |       0 |    4773 |   0.0 |       0 |      24 |   0.0 |  1462
          D:12 |       0 |    5948 |   0.0 |       0 |      33 |   0.0 |  1048
          D:13 |       0 |   13796 |   0.0 |       0 |      38 |   0.0 |  1158
          D:14 |       0 |   10356 |   0.0 |       0 |      30 |   0.0 |  1356
          D:15 |       0 |    9709 |   0.0 |       0 |      29 |   0.0 |  1225
        Lair:1 |       0 |    3692 |   0.0 |       0 |      18 |   0.0 |  1290
        Lair:2 |       0 |    4890 |   0.0 |       0 |      19 |   0.0 |  1369
        Lair:3 |       0 |    3730 |   0.0 |       0 |      16 |   0.0 |  1221
        Lair:4 |       0 |    8402 |   0.0 |       0 |      27 |   0.0 |  2190
        Lair:5 |       0 |    5980 |   0.0 |       0 |      20 |   0.0 |  1634
        Lair:6 |       0 |   25763 |   0.0 |       0 |      69 |   0.0 |  3236
       Swamp:1 |       0 |    6480 |   0.0 |       0 |      30 |   0.0 |   779
       Swamp:2 |       0 |    3162 |   0.0 |       0 |       8 |   0.0 |   693
       Swamp:3 |       0 |    1470 |   0.0 |       0 |       6 |   0.0 |    67
         Orc:1 |       0 |    1036 |   0.0 |       0 |      14 |   0.0 |   419
         Orc:2 |       0 |    7284 |   0.0 |       0 |      54 |   0.0 |  1279
       Abyss:2 |     205 |     271 |  43.1 |       1 |       2 |  33.3 |   123
       Abyss:3 |    4459 |     827 |  84.4 |       5 |       1 |  83.3 |   180
       Abyss:4 |     998 |       0 | 100.0 |       2 |       0 | 100.0 |    70
         Sewer |       0 |       8 |   0.0 |       0 |       8 |   0.0 |   122
               +---------+---------+-------+---------+---------+-------+---------
